AoeStats
← Mew

Arabia

504792746Analyzed
1v1 RM · 25d ago on Sep 6, 2026· 32m 13s· 2 players
Game mode
Random Map
Map size
Tiny (2 player)
Population
200
Speed
Normal
Resources
Standard
Victory
Conquest
Starting age
Dark Age
Ending age
Imperial Age
RankedLock teamsTeams togetherTeam positionsShared explorationLock speedFull tech treeHidden civsTurbo modeCheats
Victory
Defeat
🇵🇾 Persians · Paraguay
914
+15
🇨🇭 Magyars · Switzerland
895
-15
Mew
1:52 Loom
1:59 Loom
14:00 Feudal Age
15:05 Double-Bit Axe
15:03 Horse Collar
15:21 Gold Mining
16:39 Bloodlines
22:23 Town Watch
23:13 Wheelbarrow
27:41 Castle Age
28:28 Pikeman
Raston
7:22 Loom
9:49 Feudal Age
10:11 Double-Bit Axe
17:16 Forging
17:52 Scale Barding Armor
17:35 Horse Collar
18:28 Bloodlines
25:13 Castle Age
26:20 Chain Barding Armor
26:36 Iron Casting
26:24 Chain Barding Armor
30:59 Husbandry
Connection lost

Rejoining the realm…

Still unreachable

The connection could not be restored.

Session expired

The server has moved on; the page needs a fresh start.